[Event "Live Chess"]
[Site "Chess.com"]
[Date "2023.05.21"]
[Round "-"]
[White "stevefairhurst"]
[Black "FailsGambits"]
[Result "0-1"]
[WhiteElo "585"]
[BlackElo "1335"]
[TimeControl "300"]
[EndTime "4:32:44 PDT"]
[Termination "FailsGambits won by resignation"]

1. e4 e5 2. Nf3 Nc6 3. Bc4 Be7 4.
d3 Nf6 5. Ng5 O-O 6. Qf3 h6 7.
Nh3 d6 8. Qg3 Nd4 9. Bb3 Be6 10.
Bxh6 Nh5 11. Bxe6 Nxg3 12. fxg3 Nxc2+ 13. Kd2 Nxa1 14. Rf1 fxe6 15. Rxf8+ Qxf8 16. Nc3 gxh6 17. Nb5 Qc8 18. g4 a6 19. Nc3 Bg5+ 20. Nxg5 hxg5 21.
h3 Qd7 22. Ne2 Qh7 23. Ng3 Qh4 24. Nh5 Qf2+ 25. Kd1 Qxg2 26. Nf6+ Kf7 27. Nd7 Rd8 28. Nxe5+ dxe5 0-1

[Event "Live Chess"]
[Site "Chess.com"]
[Date "2023.05.21"]
[Round "-"]
[White "Nakula1000"]
[Black "Ian-Morley"]
[Result "1-0"]
[WhiteElo "684"]
[BlackElo "1042"]
[TimeControl "300"]
[EndTime "4:32:53 PDT"]
[Termination "Nakula1000 won by checkmate"]

1. e4 e5 2. Nf3 Nc6 3. Nc3 d5 4.
Nxd5 Nd4 5. Nxe5 c6 6. Ne3 Bd6 7. N5c4 Bf4 8. c3 Bxe3 9. Nxe3 Ne7 10. cxd4 Qxd4 11. d3 O-O 12. Qb3 b5 13. Qc3 Qb6 14.
h4 Bb7 15. Bd2 a5 16. h5 a4 17. h6 g6 18. Qg7# 1-0

[Event "Live Chess"]
[Site "Chess.com"]
[Date "2023.05.21"]
[Round "-"]
[White "Swetha_Queen"]
[Black "Biranidun"]
[Result "0-1"]
[WhiteElo "348"]
[BlackElo "2533"]
[TimeControl "300"]
[EndTime "4:33:00 PDT"]
[Termination "Biranidun won by checkmate"]

1. e4 c5 2. Nc3 g6 3. Nd5 e6 4.
Nf6+ Nxf6 5. d3 Bg7 6. Bg5 h6 7.
Bxf6 Qxf6 8. Ne2 Qxb2 9. Kd2 Qxa1 10. Qxa1 Bxa1 11. Ng3 Bd4 12. f3 Nc6 13. Be2 h5 14. f4 h4 15. Nf1 g5 16. fxg5 Rg8 17. g3 hxg3 18. hxg3 Rxg5 19. Rh8+ Bxh8 20. Ne3 Rxg3 21. Nf1 Rg2 22. Ne3 Rh2 23. Ng4 Bc3+ 24. Kxc3 Rxe2 25.
Nf6+ Ke7 26. Ng8+ Kf8 27. Nf6 Nd4 28. Nh7+ Kg7 29. Ng5 Rxc2# 0-1

[Event "Live Chess"]
[Site "Chess.com"]
[Date "2023.05.21"]
[Round "-"]
[White "hturner40"]
[Black "Bunny55"]
[Result "1/2-1/2"]
[WhiteElo "1779"]
[BlackElo "1014"]
[TimeControl "300"]
[EndTime "4:33:09 PDT"]
[Termination "Game drawn by repetition"]

1. Nf3 Nf6 2. g3 g6 3. Bg2 Bg7 4. O-O O-O 5. c4 Nc6 6. d4 Qe8 7. d5 Nd8 8. Nc3 d6 9. e4 e5 10.
Nd2 h6 11. b4 Nh7 12. c5 f5 13.
f3 f4 14. Nc4 g5 15. cxd6 cxd6 16. Nxd6 Qd7 17. Nc4 b5 18. Na5 Nf6 19. Nb3 a6 20. Nc5 Qa7 21. Kh1 Nd7 22. Ne6 Nxe6 23.
dxe6 Nf6 24. Nd5 Nxd5 25. exd5 Bf6 26. Qc2 Bb7 27. Qg6+ Bg7 28. e7 Rfe8 29. d6 Bc6 30. Bh3 Bxf3+ 31. Rxf3 Qd4 32. Bf5 Qd1+ 33.
Kg2 Qe2+ 34. Rf2 f3+ 35. Kh3 Qxf2 36. Qh7+ Kf7 37. Qg6+ Kg8 38. Qh7+ Kf7 39. Qg6+ Kg8 1/2-1/2

[Event "Live Chess"]
[Site "Chess.com"]
[Date "2023.05.21"]
[Round "-"]
[White "JanMur7"]
[Black "elephantgerrald"]
[Result "1-0"]
[WhiteElo "1989"]
[BlackElo "686"]
[TimeControl "300"]
[EndTime "4:33:09 PDT"]
[Termination "JanMur7 won by checkmate"]

1. e4 e5 2. Nf3 Nf6 3. Nc3 Nc6 4. Nxe5 Nxe5 5. d4 Nc6 6. d5 Ne5 7. f4 Ng6 8. e5 Ng8 9. Bd3 Qh4+ 10. g3 Qh3 11. Bf1 Qh6 12. f5 Qxc1 13. Rxc1 Nxe5 14. Nb5 Bd6 15. c4 Bb4+ 16. Kf2 Bc5+ 17. Kg2 Nf6 18.
Nxc7+ Kd8 19. Nxa8 Nfg4 20. Qa4 Ne3+ 21. Kh3 d6 22. Be2 g5 23. g4 h5 24. gxh5 Bxf5+ 25. Kg3 Bd7 26. Qa5+ b6 27. Qxa7 f5 28. Qb8+ Bc8 29.
Qc7+ Ke8 30. Qxc8+ Ke7 31. Qxh8 f4+ 32. Kf2 Nf5+ 33.
Ke1 f3 34. Qxe5+ dxe5 35. Bxf3 Ne3 36. Ke2 Kf7 37. d6 Ke6 38. Rhd1 Bxd6 39. Rxd6+ Kxd6 40. Kxe3 Ke7 41. h6 Kf7 42. h7 Kg7 43. Be4 Kh8 44. Rd1 g4 45. Rd7 g3 46. Nc7 gxh2 47. Ne6 h1=Q 48.
Bxh1 e4 49. Nf8 b5 50. Ng6# 1-0

[Event "Live Chess"]
[Site "Chess.com"]
[Date "2023.05.21"]
[Round "-"]
[White "bedsdrout"]
[Black "PiotrD11"]
[Result "0-1"]
[WhiteElo "569"]
[BlackElo "1370"]
[TimeControl "300"]
[EndTime "4:33:22 PDT"]
[Termination "PiotrD11 won by resignation"]

1. e4 d5 2. Qh5 dxe4 3. Bc4 e6 4. d4 Nf6 5. Qe5 Nc6 6. Qg3 Qxd4 7. Nc3 Bd6 8. Be3 Bxg3 9. Bxd4 Nxd4 10. Bb5+ c6 11. Ba4 Bd6 12. O-O-O O-O 13. Nxe4 Nxe4 14. c3 Bf4+ 15.
Kb1 Nb5 16. Bc2 Nxf2 17. Nf3 Nxh1 18. g3 Nf2 19. Rd2 Bxd2 20. a3 Bxc3 21. bxc3 Nxc3+ 22. Kb2 Nfd1+ 23. Kc1 Ne3 0-1

[Event "Live Chess"]
[Site "Chess.com"]
[Date "2023.05.21"]
[Round "-"]
[White "JoeyCage"]
[Black "LiamBellwood"]
[Result "1-0"]
[WhiteElo "2292"]
[BlackElo "1899"]
[TimeControl "300"]
[EndTime "4:33:28 PDT"]
[Termination "JoeyCage won by resignation"]

1. e4 e6 2. d4 d5 3. Nc3 Nf6 4. e5 Ng8 5. Nce2 c5 6. c3 Nc6 7. Nf3 Bd7 8. g3 Nge7 9. Bg2 Nf5 10. O-O Qb6 11. a3 Be7 12. g4 Nh4 13. Nxh4 Bxh4 14.
f4 Be7 15. Kh1 c4 16. f5 O-O-O 17. Qc2 Na5 18. Be3 h5 19. f6 gxf6 20. exf6 Bd6 21. g5 Nb3 22. Rae1 Ba4 23. Qb1 Qc7 24. h4 Bg3 25. Nxg3 Qxg3 26. Bf2 Qd6 27. Qd1 Bc6 28.
Qe2 Rde8 29. Qe3 b6 30. Bg3 Qd7 31. Qe5 Kb7 32. Re2 Rhg8 33. Bf3 Rh8 34. Rff2 Na5 35. Re1 Ka6 36. Bd1 Nb7 37. Bc2 Rd8 38. g6 fxg6 39.
Qxe6 Qxe6 40. Rxe6 Bd7 41. Re7 Bg4 42. Bxg6 Nd6 43.
f7 Rhf8 44. Bxd6 Rxd6 45. Re8 1-0

[Event "Live Chess"]
[Site "Chess.com"]
[Date "2023.05.21"]
[Round "-"]
[White "GEMdzq"]
[Black "Tilbs_12"]
[Result "1-0"]
[WhiteElo "2278"]
[BlackElo "1582"]
[TimeControl "300"]
[EndTime "4:33:33 PDT"]
[Termination "GEMdzq won by checkmate"]

1. e4 c6 2. d4 d5 3. e5 c5 4. dxc5 Nc6 5. Nf3 Bg4 6. Bb5 e6 7.
Be3 Ne7 8. O-O Ng6 9. Bd4 a6 10. Bxc6+ bxc6 11. c3 a5 12. b4 axb4 13. cxb4 Qc7 14.
Nbd2 Be7 15. Re1 Bg5 16. Qb3 Bxd2 17. Nxd2 Ne7 18. h3 Bh5 19. a4 O-O 20. g4 Bg6 21. b5 cxb5 22. axb5 Rab8 23. b6 Qc6 24. Ra7 Rfe8 25.
Rea1 h5 26. Qa4 Qxa4 27. R1xa4 h4 28. Rc7 Bd3 29. c6 Bb5 30. Raa7 Nxc6 31. Rxf7 Nxd4 32.
Rxg7+ Kh8 33. Rh7+ Kg8 34. Rag7+ Kf8 35. Rf7+ Kg8 36. g5 Bd3 37. Rhg7+ Kh8 38. g6 Rg8 39. Rh7# 1-0

[Event "Live Chess"]
[Site "Chess.com"]
[Date "2023.05.21"]
[Round "-"]
[White "profpirate4"]
[Black "EdenHazard8"]
[Result "1-0"]
[WhiteElo "1337"]
[BlackElo "1927"]
[TimeControl "300"]
[EndTime "4:33:33 PDT"]
[Termination "profpirate4 won by resignation"]

1. d4 e5 2. dxe5 Nc6 3. Nf3 Qe7 4. Bf4 Qb4+ 5. Bd2 Qxb2 6. Nc3 Bb4 7. Rb1 Qa3 8. Nb5 Qa5 9. Nbd4 Nxd4 10. Nxd4 Bxd2+ 11. Qxd2 Qxe5 12. g3 d5 13. Bg2 c6 14. O-O Nf6 15. Rfe1 O-O 16. Nf3 Qc7 17. Qd3 Ne4 18. Rb4 Bf5 19. Qe3 Rae8 20. Qxa7 Ra8 21. Qxb7 Qxb7 22. Rxb7 Rxa2 23. Nd4 Bg6 24. Nxc6 Rxc2 25. Ne7+ Kh8 26. Reb1 Nc3 27. Rb8 Nxe2+ 28. Kf1 1-0

[Event "Live Chess"]
[Site "Chess.com"]
[Date "2023.05.21"]
[Round "-"]
[White "raminguy"]
[Black "davigator"]
[Result "0-1"]
[WhiteElo "1958"]
[BlackElo "2328"]
[TimeControl "300"]
[EndTime "4:33:40 PDT"]
[Termination "davigator won by resignation"]

1. d4 Nf6 2. Nc3 d5 3. Bf4 c5 4. e4 cxd4 5. Qxd4 Nc6 6. Bb5 Bd7 7. Bxc6 Bxc6 8. exd5 Nxd5 9. O-O-O Nxf4 10. Qxf4 Qb8 11. Qxb8+ Rxb8 12. Nf3 f6 13. Rhe1 e5 14. Nd4 Bxg2 15. f4 Bb4 16. fxe5 O-O 17. e6 Bxc3 18. bxc3 Rfe8 19. Nf5 Bh3 20. Rd5 Bxf5 21. Rxf5 Re7 22. Ra5 b6 23. Rd5 Rbe8 24. Rd6 g6 25. Kb2 f5 26.
Rd7 Kg7 27. Re5 Kf6 28. Re2 g5 29. a4 a5 30. Rd6 Rxe6 31. Rexe6+ Rxe6 32. Rd7 h5 33.
Rh7 h4 34. Rh6+ Ke5 35. Rh7 Kf4 0-1

[Event "Live Chess"]
[Site "Chess.com"]
[Date "2023.05.21"]
[Round "-"]
[White "peter-785"]
[Black "ItsNot_Jasper"]
[Result "0-1"]
[WhiteElo "1182"]
[BlackElo "1395"]
[TimeControl "300"]
[EndTime "4:33:52 PDT"]
[Termination "ItsNot_Jasper won by resignation"]

1. e4 e5 2. Nf3 Nf6 3. Nc3 Nc6 4. d3 Bb4 5. Be2 d5 6. O-O Bxc3 7. bxc3 dxe4 8. dxe4 Qxd1 9. Rxd1 Nxe4 10. Bb2 O-O 11. c4 f6 12. Nd2 Nxd2 13. Rxd2 Be6 14. c5 Rad8 15. Rxd8 Rxd8 16. a3 Nd4 17. Bxd4 Rxd4 18. Rd1 Rxd1+ 19. Bxd1 b6 20. cxb6 cxb6 21. Kf1 Kf7 22. Ke1 Ke7 23. Kd2 Kd6 24. Kc3 Kc5 25. Be2 Bd5 26. f3 h6 27. h4 a5 28. g3 b5 29. Kb2 b4 30. axb4+ axb4 31. c3 bxc3+ 32. Kxc3 Be6 33. Bd1 f5 34. Be2 Kd5 35. Bc4+ Kd6 36. Bxe6 Kxe6 37. Kd3 Kd5 38. Ke3 e4 39. fxe4+ fxe4 40.
h5 Ke5 41. Ke2 Kd4 42. g4 e3 43. Ke1 Ke4 0-1

[Event "Live Chess"]
[Site "Chess.com"]
[Date "2023.05.21"]
[Round "-"]
[White "Sir_Sigmund"]
[Black "ChessTWSS"]
[Result "1-0"]
[WhiteElo "1920"]
[BlackElo "1617"]
[TimeControl "300"]
[EndTime "4:33:56 PDT"]
[Termination "Sir_Sigmund won by checkmate"]

1. e4 c5 2. f4 Nc6 3. c3 e6 4.
Be2 d5 5. d3 b6 6. Na3 Nf6 7. Nf3 g6 8. e5 Nd7 9. O-O Bg7 10. Nc2 O-O 11. d4 a5 12. Be3 c4 13.
Qe1 b5 14. a3 a4 15. h4 Ba6 16.
h5 gxh5 17. Ng5 h6 18. Nh3 f5 19. Bxh5 Qe7 20. Bf2 Kh7 21. Bh4 Bf6 22. exf6 Rxf6 23.
Nb4 Nxb4 24. axb4 Nf8 25. Qe5 Ng6 26. Qxf6 Qxf6 27. Bxf6 Rf8 28. Bxg6+ Kxg6 29. Be5 Kh5 30. Rf3 Kg4 31. Kh2 Rg8 32. Rh1 Kh4 33. Kg1 Rg4 34. Nf2# 1-0

[Event "Live Chess"]
[Site "Chess.com"]
[Date "2023.05.21"]
[Round "-"]
[White "Shepherds_Pie"]
[Black "ameetghasi100"]
[Result "0-1"]
[WhiteElo "1950"]
[BlackElo "2592"]
[TimeControl "300"]
[EndTime "4:33:58 PDT"]
[Termination "ameetghasi100 won by resignation"]

1. c4 c5 2. Nc3 Nc6 3. g3 g6 4.
Bg2 h5 5. h4 Nh6 6. a3 Bg7 7.
b4 cxb4 8. axb4 Nxb4 9. Ba3 Nc6 10. Nf3 O-O 11. d4 d6 12. O-O Bg4 13. e3 Rc8 14. Qa4 b6 15. Nd2 Bd7 16. Qb3 Na5 17. Qa2 Nf5 18. Nd5 e6 19. Nf4 e5 20. dxe5 Bxe5 21. Nd3 Bxa1 22. Rxa1 Re8 23. Bb2 Be6 24. Bd5 Bxd5 25. cxd5 Nxe3 26. fxe3 Rxe3 27. Nf4 Rxg3+ 28. Ng2 Qxh4 29. Nf3 Qg4 30. Bd4 Qxf3 31. Rf1 Qe4 0-1

[Event "Live Chess"]
[Site "Chess.com"]
[Date "2023.05.21"]
[Round "-"]
[White "FlorinHristea"]
[Black "viktorskliarov"]
[Result "0-1"]
[WhiteElo "1814"]
[BlackElo "2653"]
[TimeControl "300"]
[EndTime "4:33:59 PDT"]
[Termination "viktorskliarov won by resignation"]

1. e4 c5 2. Nf3 Nc6 3. Bc4 g6 4.
a3 Bg7 5. d3 e6 6. Nc3 Nge7 7.
O-O O-O 8. Bd2 d5 9. exd5 exd5 10. Ba2 h6 11. Rb1 Be6 12. Ne1 Qd7 13. Ne2 g5 14. f4 g4 15. Ng3 f5 16. Qe2 Nd4 17. Qd1 Bf7 18. c3 Ndc6 19. Nc2 Rae8 20. d4 cxd4 21. Nxd4 Nxd4 22. cxd4 Bxd4+ 23. Kh1 Nc6 24. Bc3 Bxc3 25. bxc3 d4 26. Bxf7+ Rxf7 27. cxd4 Qxd4 28. Qb3 Qf6 29.
Nh5 Qg6 30. Ng3 h5 31. Qc4 h4 32. Ne2 Qe6 33. Qxe6 Rxe6 34. Nc3 Re3 35. Rfc1 Rd7 36. Kg1 Rdd3 37. Nb5 Rb3 38. Nd4 Rxb1 39. Rxb1 Nxd4 0-1

[Event "Live Chess"]
[Site "Chess.com"]
[Date "2023.05.21"]
[Round "-"]
[White "yeetpizza74"]
[Black "diana21strabt"]
[Result "0-1"]
[WhiteElo "501"]
[BlackElo "1757"]
[TimeControl "300"]
[EndTime "4:34:00 PDT"]
[Termination "diana21strabt won by checkmate"]

1. e4 d5 2. exd5 Qxd5 3. Nc3 Qa5 4. d4 Nf6 5. Bf4 Bg4 6. Nf3 Nc6 7. Be2 O-O-O 8.
O-O Bxf3 9. Bxf3 Nxd4 10. Ne4 Nxf3+ 11. Qxf3 Nxe4 12. Qxe4 e6 13. Bg3 Bd6 14. Bxd6 Rxd6 15. Rad1 Rxd1 16. Rxd1 Qxa2 17. Qd3 b6 18. Qd7+ Kb8 19.
Qxf7 Qxb2 20. Qxg7 Qxg7 21. c3 Qxc3 22. Ra1 Qxa1# 0-1

[Event "Live Chess"]
[Site "Chess.com"]
[Date "2023.05.21"]
[Round "-"]
[White "CheckThis4"]
[Black "RockTroll"]
[Result "1-0"]
[WhiteElo "2509"]
[BlackElo "2233"]
[TimeControl "300"]
[EndTime "4:34:03 PDT"]
[Termination "CheckThis4 won by resignation"]

1. d4 d5 2. c4 e6 3. Nf3 Nf6 4. g3 Be7 5. Bg2 O-O 6. O-O dxc4 7. Qc2 b5 8. a4 Bb7 9. axb5 a6 10. bxa6 Nxa6 11. Qxc4 Bd5 12. Qc3 Ne4 13. Qe3 Nb4 14. Rxa8 Qxa8 15. Nc3 Nxc3 16. bxc3 Nc6 17. c4 Bxf3 18. Bxf3 Qa6 19. d5 Nd8 20. Qd4 Bf6 21. Qc5 exd5 22. cxd5 Be5 23. Bf4 Bxf4 24. gxf4 Qg6+ 25.
Bg2 Qf5 26. Qxc7 1-0

[Event "Live Chess"]
[Site "Chess.com"]
[Date "2023.05.21"]
[Round "-"]
[White "friarnator"]
[Black "gmnorfolk"]
[Result "0-1"]
[WhiteElo "2001"]
[BlackElo "2114"]
[TimeControl "300"]
[EndTime "4:34:06 PDT"]
[Termination "gmnorfolk won by resignation"]

1. d4 Nf6 2. Nc3 d5 3. Bf4 e6 4. e3 a6 5. g4 c5 6. g5 Nfd7 7. h4 Nc6 8. Nf3 Qb6 9. Na4 Qa5+ 10. c3 cxd4 11. Nxd4 Nxd4 12. Qxd4 b5 13. b4 Qxa4 14. Be2 Qc2 15. Bd3 Qb2 16. Rb1 Qa3 17. O-O f6 18.
gxf6 gxf6 19. e4 e5 20. Qxd5 Rb8 21. Bc1 Qa4 22. Qe6+ Be7 23. Be2 Qc2 24. Bh5+ Kd8 25. Be3 Qxe4 26. Rfd1 Qc4 27. Bb6+ Rxb6 28. Qxb6+ Qc7 29.
Qe3 Rg8+ 30. Kf1 Qc4+ 31. Be2 Qxh4 32. Rxd7+ Bxd7 33. Qb6+ Ke8 34. Qb8+ Kf7 35. Bf3 0-1

[Event "Live Chess"]
[Site "Chess.com"]
[Date "2023.05.21"]
[Round "-"]
[White "FlyingChessKestrel13"]
[Black "defenderalist"]
[Result "0-1"]
[WhiteElo "2070"]
[BlackElo "1667"]
[TimeControl "300"]
[EndTime "4:34:18 PDT"]
[Termination "defenderalist won by resignation"]

1. e4 c5 2. Nc3 Nc6 3. g3 e6 4.
Bg2 Nf6 5. Nge2 d5 6. d3 Be7 7.
O-O O-O 8. exd5 exd5 9. Nf4 d4 10.
Ncd5 Be6 11. Nxe7+ Qxe7 12. Nxe6 fxe6 13. Re1 e5 14. f4 Qc7 15. fxe5 Nxe5 16. Bf4 Nfd7 17. Qh5 Rae8 18. Bd5+ Kh8 19. Be4 h6 20. Bg6 Re6 21. Bf5 Ref6 22. Bxd7 Qxd7 23. Bxe5 Rf2 24. Qxh6+ Kg8 25.
Qg5 R8f5 26. Qg4 Rf1+ 27. Rxf1 Rxf1+ 28. Rxf1 Qxg4 29. Bf4 g5 30. Bc1 Qe2 31. Bxg5 Qxc2 32.
Be7 b6 33. Rf8+ Kg7 34. Ra8 Qc1+ 35. Kg2 Qxb2+ 36. Kh3 Qxa2 37. Rb8 0-1

[Event "Live Chess"]
[Site "Chess.com"]
[Date "2023.05.21"]
[Round "-"]
[White "JoshMcK"]
[Black "Long1968"]
[Result "1-0"]
[WhiteElo "1533"]
[BlackElo "959"]
[TimeControl "300"]
[EndTime "4:34:20 PDT"]
[Termination "JoshMcK won on time"]

1. e4 e6 2. d4 d5 3. Nc3 Bb4 4. e5 c5 5. a3 cxd4 6. Qxd4 Nc6 7. Bb5 Bd7 8. Bxc6 Bxc3+ 9. Qxc3 bxc6 10. Nf3 Qc7 11.
O-O Ne7 12. Bg5 Ng6 13. b4 O-O 14. Rfe1 f6 15. exf6 gxf6 16. Bxf6 Bc8 17. Be5 Qf7 18. Qxc6 Bd7 19. Qc3 Nxe5 20. Qxe5 Rac8 21. Qg3+ Qg7 22. Qxg7+ Kxg7 23. Rac1 Rf4 24. Ne5 Ba4 25. c3 Re4 26.
Rxe4 dxe4 27. c4 Kf6 28. Ng4+ Ke7 29. c5 Bb5 30. Re1 Bd3 31. Ne5 a5 32. Nxd3 1-0

[Event "Live Chess"]
[Site "Chess.com"]
[Date "2023.05.21"]
[Round "-"]
[White "Tushinskiy"]
[Black "DoYouLikeCurry"]
[Result "1-0"]
[WhiteElo "2210"]
[BlackElo "1426"]
[TimeControl "300"]
[EndTime "4:34:33 PDT"]
[Termination "Tushinskiy won by resignation"]

1. d4 d5 2. c3 Nf6 3. Nf3 c5 4. Bf4 e6 5. e3 cxd4 6. exd4 Nc6 7. Bd3 Qb6 8. Qe2 Bd7 9. O-O Be7 10. Ne5 Nxe5 11.
Bxe5 Rc8 12. h3 O-O 13. Qc2 g6 14. Nd2 Bb5 15. Bxb5 Qxb5 16. Rae1 Kg7 17. Re3 Rfe8 18. Rf3 Rc6 19. Nb3 a5 20. Qd2 h6 21. Qf4 g5 22.
Bxf6+ Bxf6 23. Qxf6+ 1-0

[Event "Live Chess"]
[Site "Chess.com"]
[Date "2023.05.21"]
[Round "-"]
[White "Missedidea"]
[Black "YrrriKharkiv"]
[Result "0-1"]
[WhiteElo "1815"]
[BlackElo "2067"]
[TimeControl "300"]
[EndTime "4:34:34 PDT"]
[Termination "YrrriKharkiv won on time"]

1. d4 Nf6 2. c4 c5 3. d5 b5 4. cxb5 a6 5. bxa6 Bxa6 6. g3 g6 7. Bg2 d6 8. Nc3 Bg7 9. Rb1 O-O 10. Nf3 Nbd7 11. O-O Ng4 12. Qc2 Nge5 13. Rd1 Nxf3+ 14. exf3 c4 15. Be3 Ne5 16. f4 Nd3 17. b3 Nb4 18. Qd2 cxb3 19. Rxb3 Nd3 20. Bf1 Nc5 21. Bxc5 Bxf1 22.
Bxd6 Bc4 23. Rb4 Qxd6 24. Rxc4 Qa6 25. Rc6 Qa5 26. Ne4 Qxa2 27. Rc2 Qa5 28. Qxa5 Rxa5 29. d6 exd6 30. Rxd6 Ra7 31. Rcd2 Re8 32. Ng5 h6 33. Nf3 Ra3 34. Kg2 Ra7 35. Rd8 Re7 36. Rxe8+ Rxe8 37. Rd7 Bf6 38. h4 Kg7 39. Nd4 Bxd4 40. Rxd4 Re7 41.
Kf3 Rc7 42. Kg4 h5+ 43. Kf3 Rc3+ 44. Ke2 Rc2+ 45. Rd2 Rc7 46. Ke3 Re7+ 47. Kf3 Rc7 48. Rd3 Rb7 49. Ke4 Rb4+ 50. Rd4 Rb5 51. f3 Ra5 52. g4 hxg4 53. fxg4 Ra1 54. f5 Re1+ 55.
Kf4 Rf1+ 56. Ke5 Re1+ 57. Re4 Rh1 58. h5 gxf5 59. Kxf5 Rf1+ 60. Kg5 Rf2 61. Rf4 Rb2 62.
Rf5 Rb6 63. h6+ Kg8 64. Kh5 Rb7 65. Rg5+ Kh8 66. Rg7 Rb5+ 67. g5 Rb7 68. Kg4 Rc7 69.
Kf5 Rb7 70. Kf6 Rc7 71. Rxf7 Rc6+ 72. Ke7 Rc8 0-1

[Event "Live Chess"]
[Site "Chess.com"]
[Date "2023.05.21"]
[Round "-"]
[White "AbilifyXL"]
[Black "lord_cll"]
[Result "1-0"]
[WhiteElo "1947"]
[BlackElo "1196"]
[TimeControl "300"]
[EndTime "4:34:34 PDT"]
[Termination "AbilifyXL won on time"]

1. d4 Nf6 2. c4 g6 3. Nc3 Bg7 4. e4 d6 5. Be2 O-O 6. Bg5 e5 7. dxe5 dxe5 8. Qxd8 Rxd8 9. Bxf6 Bxf6 10. Nd5 Nd7 11.
Nxc7 Rb8 12. Nd5 Bg7 13. Nf3 Nc5 14. Nd2 Be6 15. O-O a6 16. Rad1 b5 17. b4 Na4 18.
Ne7+ Kh8 19. Nc6 Nc3 20. Nxd8 Nxe2+ 21. Kh1 Rxd8 22. cxb5 axb5 23. Nb3 Ra8 24. Rd2 Bxb3 25. axb3 Nd4 26. Rfd1 h5 27. Rb2 Bf8 28. f4 f6 29.
fxe5 fxe5 30. h3 Bxb4 31. Rf1 Kg7 32. Rbf2 Rf8 33. Rxf8 Bxf8 34. Rb1 Nc2 35. Kh2 Nb4 36. Kg3 Nc6 37. Rc1 Nd4 38. Rc7+ Kf6 39. Rb7 Nxb3 40. Rxb5 Nd4 41. Rb6+ Kg7 42. h4 Nc2 43. Rb7+ Kh6 44. Rc7 Nd4 45. Rf7 Ne6 46. Rf6 1-0

[Event "Live Chess"]
[Site "Chess.com"]
[Date "2023.05.21"]
[Round "-"]
[White "ranvir123"]
[Black "manthanit"]
[Result "1-0"]
[WhiteElo "974"]
[BlackElo "1069"]
[TimeControl "300"]
[EndTime "4:34:41 PDT"]
[Termination "ranvir123 won on time"]

1. e4 e6 2. d4 d5 3. e5 c5 4. Nf3 Qb6 5. Nc3 Nc6 6. Bb5 Bd7 7. O-O a6 8. Bd3 cxd4 9. Ne2 Bc5 10. c3 dxc3 11. Nxc3 Nge7 12. Bg5 O-O 13. Na4 Qb4 14.
a3 Qa5 15. b4 Bxb4 16. axb4 Qxb4 17. Bxe7 Qxe7 18. Nb6 Rab8 19. Nxd7 Qxd7 20. Ng5 g6 21. Qf3 Nxe5 22. Qh3 f6 23. Nxh7 Qxh7 24. Qxe6+ Qf7 25. Qh3 Nxd3 26. Qxd3 Rfe8 27. Rfd1 Rbd8 28. h4 Kg7 29. Qg3 Re5 30. h5 Rde8 31. hxg6 Qxg6 32.
Qb3 R8e7 33. f4 Rh5 34. Rxd5 Rxd5 35. Qxd5 Qg3 36. Rb1 Re1+ 37. Rxe1 Qxe1+ 38. Kh2 Qe7 39. Kg3 Qe3+ 40. Kg4 Qe7 41. Qh5 Qe6+ 42. f5 Qe4+ 43. Kh3 Qd3+ 44. Qf3 Qxf3+ 45. gxf3 Kf7 46. Kg3 Ke7 47.
Kf2 Kd6 48. Ke2 Kd5 49. Kd2 Ke5 50. Kc2 Kxf5 51. Kd2 Ke5 52. Ke2 Kd4 53. Kf2 b5 54.
Kg3 b4 55. Kf4 b3 56. Kg3 b2 57. Kf2 b1=Q 58. Kg3 Qb3 59. Kf4 1-0

[Event "Live Chess"]
[Site "Chess.com"]
[Date "2023.05.21"]
[Round "-"]
[White "JoeRoot66"]
[Black "Dhaydon19"]
[Result "0-1"]
[WhiteElo "1916"]
[BlackElo "2701"]
[TimeControl "300"]
[EndTime "4:34:42 PDT"]
[Termination "Dhaydon19 won by resignation"]

1. e4 c6 2. Nf3 d5 3. Nc3 Bg4 4. h3 Bxf3 5. Qxf3 e6 6. Be2 Nf6 7. d3 Nbd7 8. O-O h5 9. Re1 Be7 10. Bf4 Qb6 11. Rab1 d4 12. Nd1 Qa5 13. c3 Qxa2 14. Rc1 e5 15. Bg5 dxc3 16. Nxc3 Qxb2 0-1

[Event "Live Chess"]
[Site "Chess.com"]
[Date "2023.05.21"]
[Round "-"]
[White "Brooms1989"]
[Black "Goblinbasher"]
[Result "1/2-1/2"]
[WhiteElo "1142"]
[BlackElo "1223"]
[TimeControl "300"]
[EndTime "4:34:45 PDT"]
[Termination "Game drawn by repetition"]

1. e4 c5 2. Nc3 e6 3. f4 Nc6 4. Nf3 a6 5. d3 b5 6. a3 Bb7 7. Be2 Qc7 8. O-O Nf6 9. e5 Nd5 10. Nxd5 exd5 11. Qe1 d4 12. Qg3 Ne7 13. Qg4 g6 14. Bd2 Nf5 15. Nh4 Ne3 16. Bxe3 dxe3 17. Bf3 Bxf3 18. Qxf3 Rd8 19. Qxe3 Bg7 20. Rae1 O-O 21.
f5 Rde8 22. f6 Bxf6 23. Rxf6 Re6 24. Rxe6 dxe6 25. Qh3 Qc6 26. Nf3 h5 27. Re4 c4 28.
Rh4 cxd3 29. Rxh5 gxh5 30. Qxh5 Qc5+ 31. Kf1 dxc2 32. Qg5+ Kh8 33. Qh5+ Kg8 34. Qg4+ Kh8 35. Qh4+ Kg8 36. Qg4+ Kh8 37. Qh4+ Kg8 38. Qg4+ 1/2-1/2

[Event "Live Chess"]
[Site "Chess.com"]
[Date "2023.05.21"]
[Round "-"]
[White "Bunny55"]
[Black "davigator"]
[Result "0-1"]
[WhiteElo "1014"]
[BlackElo "2328"]
[TimeControl "300"]
[EndTime "4:35:13 PDT"]
[Termination "davigator won by resignation"]

1. e4 c5 2. Nf3 Nc6 3. d4 cxd4 4.
Nxd4 Nf6 5. Nc3 d6 6. Be3 Ng4 7. Bc1 Qb6 8. h3 Nxf2 9. Qe2 Nxh1 10. Be3 Qxb2 11. Nxc6 Qxc3+ 0-1

[Event "Live Chess"]
[Site "Chess.com"]
[Date "2023.05.21"]
[Round "-"]
[White "Tiltador"]
[Black "ChessClubLive"]
[Result "0-1"]
[WhiteElo "808"]
[BlackElo "1790"]
[TimeControl "300"]
[EndTime "4:35:18 PDT"]
[Termination "ChessClubLive won by checkmate"]

1. e4 c5 2. Nf3 e6 3. Bc4 a6 4. b3 b5 5. Bd3 Bb7 6. O-O Bd6 7.
Nc3 Ne7 8. a4 bxa4 9. Nxa4 Nbc6 10. Nc3 Ne5 11. Nxe5 Bxe5 12. f4 Bc7 13. Qg4 O-O 14.
Qh4 Ng6 15. Qxd8 Rfxd8 16. e5 Nh4 17. g3 Nf3+ 18. Kf2 Nxh2 19. Be4 Bxe4 20. Nxe4 Nxf1 21. Kxf1 d5 22. Nd6 Bxd6 23. exd6 Rxd6 24. c4 dxc4 25. bxc4 Rd3 26. Kg2 Kf8 27. Ra5 Rb8 28. Rxa6 Rb1 29.
Ra8+ Ke7 30. Ra7+ Kf6 31. Ba3 Rxd2+ 32. Kh3 Ra2 33. Ra5 Rb3 34. Rxc5 Raxa3 35. Kh4 Rxg3 36. Rg5 Rh3+ 37. Kg4 Rag3# 0-1

[Event "Live Chess"]
[Site "Chess.com"]
[Date "2023.05.21"]
[Round "-"]
[White "JohanKjeldahl"]
[Black "LiamClery2020"]
[Result "0-1"]
[WhiteElo "1880"]
[BlackElo "2005"]
[TimeControl "300"]
[EndTime "4:35:21 PDT"]
[Termination "LiamClery2020 won by checkmate"]

1. c4 Nf6 2. Nc3 e5 3. Nf3 Nc6 4. e3 d5 5. cxd5 Nxd5 6. Be2 Nxc3 7. bxc3 Bd6 8. d4 exd4 9. exd4 O-O 10. Be3 Re8 11. O-O Bg4 12. Rb1 Rb8 13. h3 Bf5 14.
Rb5 Qd7 15. Qb3 Bxh3 16. gxh3 Qxh3 17. Rg5 Re4 18. Qd5 Rh4 19. Rxg7+ Kh8 20. Nxh4 Qh2# 0-1

[Event "Live Chess"]
[Site "Chess.com"]
[Date "2023.05.21"]
[Round "-"]
[White "chrisbradgate"]
[Black "YF22Raptor"]
[Result "0-1"]
[WhiteElo "865"]
[BlackElo "1020"]
[TimeControl "300"]
[EndTime "4:35:23 PDT"]
[Termination "YF22Raptor won on time"]

1. d4 c6 2. Bf4 d5 3. e3 Nf6 4. c3 Bd7 5. h3 e6 6. Nf3 c5 7. Nbd2 Qb6 8. b3 Nc6 9. Rb1 cxd4 10. exd4 Ne7 11. Bd3 Ng6 12. O-O Bd6 13. Bg3 O-O 14. Qc2 Bxg3 15. fxg3 Qd6 16. Bxg6 hxg6 17. Ne5 Nh7 18.
Nxd7 Qxd7 19. Nf3 Qe8 20. Ne5 f6 21. Ng4 Qc6 22. Rf4 g5 23. Rf3 b5 24. h4 b4 25.
h5 Rac8 26. Rc1 Rc7 27. h6 gxh6 28. Nxh6+ Kg7 29. Ng4 Rfc8 30. Ne3 Qxc3 31. Qxc3 Rxc3 32. Rcf1 a5 33. Ng4 Rxf3 34. Rxf3 Rc2 35. Rf2 Rc3 36. Kh2 f5 37. Ne5 g4 38. Nd7 Ng5 39. Nc5 Kf6 40. Na4 Rd3 41. Nc5 Rxd4 42. Rc2 Ne4 43. Nd7+ Ke7 44. Nb6 Nc3 45. Rb2 Re4 46. Na4 Re2 47. Rxe2 Nxe2 48. Nc5 Nc3 49. Na4 Nxa2 50.
Nc5 Nc3 0-1